 Dungeon Crawl Stone Soup version 0.21.1-1-g345015f (webtiles) character file.

164087 tev the Slayer (level 17, -3/285 HPs)
             Began as a Minotaur Monk on July 27, 2018.
             Was the Champion of Wu Jian.
             Killed from afar by a guardian serpent (6 damage)
             ... with a bolt of poison
             ... on level 4 of the Snake Pit on July 28, 2018.
             The game lasted 04:06:04 (26978 turns).

tev the Slayer (Minotaur Monk)                     Turns: 26978, Time: 04:06:05

Health: -3/285     AC: 28    Str: 26    XL:     17   Next: 25%
Magic:  0/16       EV: -1    Int:  7    God:    Wu Jian [******]
Gold:   3030       SH: 10    Dex: 16    Spells: 16/16 levels left

rFire    . . .     SeeInvis .   f - +10 morningstar "Eos" {elec, Halo rElec}
rCold    + . .     Gourm    .   H - -4 shield of the Blessed Realm {rCorr Str+2 Dex+2}
rNeg     + + +     Faith    .   (armour currently unavailable)
rPois    +         Spirit   .   (helmet currently unavailable)
rElec    +         Reflect  .   (cloak currently unavailable)
rCorr    +         Harm     .   (gloves currently unavailable)
MR       +....     NoTele   +   (boots currently unavailable)
Stlth    +.........             v - amulet of regeneration
HPRegen  0.97/turn              (no ring)
MPRegen  0.15/turn              n - ring of protection from cold

@: lethally poisoned (-3 -> -28), tree-form, slowed, glowing, constricted, very
slow
A: (retaliatory headbutt), robust 1, strong 1
a: Wall Jump, Serpent's Lash, Heavenly Storm, Renounce Religion


You were on level 4 of the Snake Pit.
You worshipped Wu Jian.
Wu Jian was exalted by your worship.
You were not hungry.
You were a tree.
You visited 6 branches of the dungeon, and saw 29 of its levels.
You also visited: Labyrinth and Ice Cave.

You collected 3379 gold pieces.
You spent 349 gold pieces at shops.

Inventory:

Hand Weapons
 f - the +10 morningstar "Eos" (weapon) {elec, Halo rElec}
   (You acquired it on level 10 of the Dungeon)

   Occasionally, upon striking a foe, it will discharge some electrical energy
   and cause terrible harm.
   It insulates you from electricity.
Armour
 r - the +2 cloak of Insatiable Hunger (melded) {rElec MR+ Slay-3 Stlth+}
   (You found it on level 4 of the Lair of Beasts)

   It affects your accuracy and damage with ranged weapons and melee attacks
   (-3).
   It insulates you from electricity.
   It affects your resistance to hostile enchantments.
   It makes you more stealthy.
 s - a +0 hat (melded)
 t - the +0 swamp dragon scales of the Dwarven Hall (melded) {rPois rF+ Dex+6}
   (You found it on level 10 of the Dungeon)

   It affects your dexterity (+6).
   It protects you from fire.
   It protects you from poison.
 x - a +0 pair of gloves (melded)
 H - the -4 shield of the Blessed Realm (worn) {rCorr Str+2 Dex+2}
   (You found it on level 4 of the Lair of Beasts)

   It affects your strength (+2).
   It affects your dexterity (+2).
   It protects you from acid and corrosion.
 N - a +0 large shield
 X - a +1 pair of boots of flying (melded)
Jewellery
 n - a ring of protection from cold (right branch)
 v - an amulet of regeneration (around neck)
 z - an uncursed ring of protection from magic
 B - an uncursed ring of ice
 D - an uncursed ring of positive energy
 Y - the ring "Itsoaz" {rCorr rElec rC+ rN+ Str-4}
   (You found it in a labyrinth)

   [ring of resist corrosion]

   It affects your strength (-4).
   It protects you from cold.
   It insulates you from electricity.
   It protects you from negative energy.
Wands
 c - a wand of enslavement (24)
 j - a wand of disintegration (14)
 o - a wand of polymorph (43)
 C - a wand of acid (8)
 I - a wand of random effects (81)
 J - a wand of paralysis (19)
Scrolls
 e - 7 scrolls of teleportation
 k - 3 scrolls of enchant weapon
 l - a scroll of fear
 m - 12 scrolls of identify
 w - a scroll of magic mapping
 y - a scroll of silence
 A - 6 scrolls of amnesia
 O - a scroll of blinking
 P - 4 scrolls of enchant armour
 Q - 12 scrolls of remove curse
 R - a scroll of fog
 T - 3 scrolls of brand weapon
Potions
 a - 2 potions of resistance
 d - 2 potions of agility
 g - a potion of lignification
 h - a potion of flight
 i - 4 potions of cancellation {unknown}
 p - 6 potions of haste
 q - 8 potions of curing
 u - 4 potions of brilliance
 E - 2 potions of might
 G - 2 potions of invisibility
 L - a potion of mutation
 M - 2 potions of ambrosia {unknown}
 U - a potion of berserk rage {unknown}
Comestibles
 b - 36 rations


   Skills:
 + Level 21.1 Fighting
 - Level 16.0 Maces & Flails
 + Level 14.2 Armour
 + Level 14.6 Dodging
 - Level 1.5 Stealth
 + Level 13.1 Shields
 - Level 3.5 Unarmed Combat


You had 16 spell levels left.
You didn't know any spells.

Dungeon Overview and Level Annotations

Branches:
Dungeon (15/15)            Temple (1/1) D:4            Lair (6/6) D:8
 Shoals (0/4) Lair:4        Snake (4/4) Lair:4        Slime (1/5) Lair:5
    Orc (2/2) D:10            Elf (0/3) Orc:2        Vaults (0/5) D:14
 Depths (0/5) D:15

Altars:
Ashenzari
Cheibriados
Dithmenos
Elyvilon
Fedhas
Gozag
Hepliaklqana
Kikubaaqudgha
Makhleb
Nemelex Xobeh
Okawaru
Qazlal
Ru
Sif Muna
Trog
Uskayaw
Vehumet
Wu Jian
Xom
Yredelemnul
Zin
The Shining One
Beogh
Lugonu

Shops:
D:9 =   D:13 :   D:15 :   Orc:1 *   Orc:2 [(*(   Snake:2 [!?%}


Innate Abilities, Weirdness & Mutations

((You reflexively headbutt those who attack you in melee.))
((You have a pair of horns on your head.))
((You are partially covered in yellow scales. (AC +2)))
You are robust. (+10% HP)
Your muscles are strong. (Str +2)


Message History

The naga sharpshooter shoots an arrow.
The arrow hits you.
* * * LOW HITPOINT WARNING * * *
You hear a splash.
The anaconda bites you.
* * * LOW HITPOINT WARNING * * *
The anaconda constricts you. You block the nagaraja's attack.
The sea snake bites you but does no damage.
The sea snake bites you!
* * * LOW HITPOINT WARNING * * *
You are lethally poisoned!
The sea snake poisons you!
You bludgeon the sea snake!!
You kill the sea snake!
The Council accepts your kill.
* * * LOW HITPOINT WARNING * * *
You feel very sick.
The guardian serpent coils itself and waves its upper body at you.
Helpless, you fail to dodge the bolt of poison.
You resist.
You die...

###.............##....
##...................#
#..#....#....((...##.#
##.###..#.....##.#.##..###
.[...........##.....##...#
.....#.......###'()###.<÷#
..####......###...(.###..#
..#........##..NSSN...##.#
..#.####...#.#.S♣SS..#.#..
....##.....# #.SS[≈..# #...
.#.#...#.### #..≈≈≈..# #....
#........####...≈≈≈...###....
..........[.###.....### ...##
....######### ##+#+## ##..
.##.# #...# ..###


You could see a nagaraja, a naga sharpshooter, a sea snake, an anaconda, 2 mana
vipers and 3 guardian serpents.

Vanquished Creatures
  Frances (D:14)
  Agnes (Snake:3)
  3 nagarajas
  Louise (D:14)
  Aizul (Snake:1)
  2 orc warlords
  The ghost of cribozai the Carver, a journeyman DsAK of Lugonu (Snake:2)
  A reaper (IceCv)
  Azrael (Orc:2)
  A dire elephant (D:15)
  A minotaur (Lab)
  An ice dragon (D:14)
  A fire dragon (D:15)
  Erolcha (Orc:2)
  Harold (Lair:2)
  13 naga warriors
  9 hydras
  Erica (Lair:2)
  2 centaur warriors
  11 anacondas
  3 tengu warriors
  An ogre mage (D:15)
  10 two-headed ogres
  5 shock serpents
  4 naga sharpshooters
  4 orc high priests
  Sonja (Lair:2)
  The ghost of Rwicked the Geomancer, a novice GrEE (D:9)
  The ghost of wojtek the Cleaver, a novice MiFi of Makhleb (D:7)
  2 salamander mystics
  3 sea snakes
  6 naga ritualists
  2 unseen horrors
  6 orc knights
  A wolf spider zombie (D:14)
  A wolf spider (D:15)
  10 mana vipers
  6 orc sorcerers
  5 oklob plants
  A slime creature (D:15)
  A manticore (D:14)
  17 salamanders
  4 cyclopes
  13 ugly things
  2 guardian serpents
  9 elephants (Lair:6)
  26 black mambas
  3 centaur zombies
  17 naga magi
  2 ice statues (IceCv)
  4 gargoyles
  23 spiny frogs
  A rime drake (Lair:3)
  11 komodo dragons
  A tengu conjurer (D:15)
  9 ice devils (IceCv)
  A minotaur zombie (Lab)
  3 meliai (D:15)
  7 trolls
  A hornet (D:13)
  2 polar bears
  5 tyrant leeches (Lair:6)
  15 blink frogs
  7 hippogriffs
  A snapping turtle (Lair:4)
  7 dream sheep (Lair:3)
  A shadow (D:13)
  5 fire elementals (Orc:2)
  A human (D:8)
  3 redbacks (Lab)
  16 yaks
  2 vampires
  2 wyverns
  A hog (D:15)
  A hog (shapeshifter) (D:14)
  Grum (D:10)
  7 hungry ghosts
  5 basilisks
  A steam dragon (Lair:3)
  The ghost of Labyrinth the Firebug, an amateur DrFE (D:3)
  8 vampire mosquitoes
  6 wargs
  41 nagas
  A soldier ant (shapeshifter) (D:14)
  2 acid dragons
  9 water moccasins
  31 orc warriors
  3 porcupines
  2 black bears
  2 ice beasts (D:9)
  5 sky beasts
  6 phantoms
  An eye of draining (D:14)
  8 wolves
  4 necrophages
  8 ogres
  14 centaurs
  9 crocodiles
  A big kobold (shapeshifter) (D:15)
  3 big kobolds
  19 bullfrogs
  A gnoll sergeant (D:10)
  A wyvern skeleton (D:13)
  4 scorpions
  11 killer bees
  7 wights
  2 electric eels
  7 howler monkeys
  8 crimson imps
  2 bullfrog zombies
  2 quasits
  8 hounds
  8 jellies
  5 centaur skeletons
  17 orc priests
  4 iguanas
  21 orc wizards
  5 bullfrog skeletons
  15 worker ants
  3 hound skeletons
  Robin (D:1)
  4 gnolls (D:10)
  12 adders
  A shadow imp (D:7)
  6 white imps (IceCv)
  10 ufetubi (IceCv)
  4 worms
  5 dart slugs
  8 leopard geckos
  115 orcs
  2 giant cockroaches
  16 goblins
  10 hobgoblins
  10 jackals
  5 quokkas
  4 ball pythons
  2 bats
  6 frilled lizards
  23 kobolds
  2 leopard gecko zombies
  A quokka zombie (D:6)
  9 rats
  A plant (Lair:4)
937 creatures vanquished.

Vanquished Creatures (others)
  Kirke (D:15)
  3 humans (D:15)
  An orc wizard (Orc:2)
  3 white imps (IceCv)
  An ufetubus (IceCv)
  An orc (Orc:1)
  4 fungi
  64 plants
78 creatures vanquished.

Grand Total: 1015 creatures vanquished

Notes
Turn   | Place    | Note
-------+----------+-------------------------------------------
     0 | D:1      | tev the Minotaur Monk began the quest for the Orb.
     0 | D:1      | Reached XP level 1. HP: 19/19 MP: 0/0
   183 | D:1      | Reached XP level 2. HP: 27/27 MP: 1/1
   368 | D:1      | Reached skill level 4 in Fighting
   597 | D:1      | Reached skill level 1 in Maces & Flails
   597 | D:1      | Reached XP level 3. HP: 31/33 MP: 2/2
   766 | D:2      | Noticed Robin
   799 | D:1      | Killed Robin
   825 | D:2      | Reached XP level 4. HP: 35/40 MP: 3/3
   879 | D:2      | You fall through a shaft for 2 floors!
   951 | D:4      | Reached skill level 1 in Armour
   959 | D:4      | Gained mutation: Scrolls take you a little longer to read. [potion of mutation]
   959 | D:4      | Gained mutation: Your spells are a little easier to cast, but a little less powerful. [potion of mutation]
   959 | D:4      | Gained mutation: You have large cloven feet. [potion of mutation]
   967 | D:4      | Reached XP level 5. HP: 5/47 MP: 4/4
  1294 | D:4      | Found a snail-covered altar of Cheibriados.
  1646 | D:4      | Noticed a hand axe
  1650 | D:4      | Noticed a hand axe
  1652 | D:4      | Found a hide-covered altar of Uskayaw.
  1663 | D:3      | Noticed Labyrinth's ghost (amateur DrFE)
  1882 | D:2      | Reached XP level 6. HP: 40/53 MP: 5/5
  2587 | D:3      | Reached skill level 5 in Maces & Flails
  2907 | D:3      | Killed Labyrinth's ghost
  3147 | D:3      | Found a basalt altar of Yredelemnul.
  3147 | D:3      | Found a shadowy altar of Dithmenos.
  3147 | D:3      | Found an opulent altar of Gozag.
  3607 | D:4      | Reached skill level 5 in Dodging
  3607 | D:4      | Reached XP level 7. HP: 60/60 MP: 6/6
  3627 | D:4      | Reached skill level 5 in Fighting
  3744 | D:4      | Found a faded altar of an unknown god.
  3763 | D:4      | Found a staircase to the Ecumenical Temple.
  3921 | Temple   | Entered the Ecumenical Temple
  3961 | Temple   | Became a worshipper of Xom of Chaos
  4020 | Temple   | Fell from the grace of Xom
  4020 | Temple   | Became a worshipper of the Wu Jian Council
  4137 | D:5      | Entered Level 5 of the Dungeon
  4217 | D:5      | XOM: summons 13 hostile demons
  4218 | D:5      | Noticed a hellwing
  4218 | D:5      | Noticed a soul eater
  4218 | D:5      | Noticed a ynoxinul
  4542 | D:5      | Reached XP level 8. HP: 68/68 MP: 7/7
  4559 | D:5      | Found a bloodstained altar of Trog.
  4601 | D:5      | Noticed a troll
  4628 | D:5      | Killed a troll
  4907 | D:4      | XOM: god gift: 7 needles of sleeping
  4976 | D:5      | Reached skill level 10 in Maces & Flails
  5177 | D:5      | Reached skill level 6 in Fighting
  5181 | D:5      | Reached * piety under Wu Jian
  5372 | D:5      | XOM: give mutations
  5372 | D:5      | Gained mutation: You are partially covered in iridescent scales. (AC +2) [Xom's grace]
  5372 | D:5      | Gained mutation: You are partially covered in molten scales. (AC +2) [Xom's grace]
  5373 | D:5      | Lost mutation: Scrolls take you a little longer to read. [potion of mutation]
  5373 | D:5      | Gained mutation: You are weak. (Str -2) [potion of mutation]
  5373 | D:5      | Gained mutation: You are agile. (Dex +2) [potion of mutation]
  5373 | D:5      | Gained mutation: You have a beak for a mouth. [potion of mutation]
  5374 | D:5      | Lost mutation: Your spells are a little easier to cast, but a little less powerful. [potion of mutation]
  5374 | D:5      | Lost mutation: You are agile. (Dex +2) [potion of mutation]
  5374 | D:5      | Lost mutation: You are weak. (Str -2) [potion of mutation]
  5374 | D:5      | Gained mutation: Your flesh is heat resistant. (rF+) [potion of mutation]
  5374 | D:5      | Gained mutation: You are agile. (Dex +2) [potion of mutation]
  5745 | D:6      | Reached XP level 9. HP: 72/75 MP: 8/8
  5865 | D:6      | Found a burning altar of Makhleb.
  6083 | D:6      | XOM: summons 1 hostile shadow creature
  6152 | D:6      | Found an iron altar of Okawaru.
  6228 | D:6      | Reached ** piety under Wu Jian
  6442 | D:7      | Reached skill level 7 in Fighting
  6535 | D:7      | Noticed wojtek's ghost (novice MiFi)
  6669 | D:7      | Killed wojtek's ghost
  6904 | D:7      | Found a shattered altar of Ashenzari.
  6927 | D:7      | Found a glowing silver altar of Zin.
  6927 | D:7      | Found a white marble altar of Elyvilon.
  6928 | D:7      | Found a glowing golden altar of the Shining One.
  7019 | D:7      | XOM: give mutation
  7019 | D:7      | Gained mutation: You occasionally shout uncontrollably at your foes. [Xom's mischief]
  7072 | D:8      | Reached XP level 10. HP: 83/86 MP: 9/9
  7230 | D:8      | Found a staircase to the Lair.
  7263 | D:8      | Noticed a two-headed ogre
  7344 | D:8      | Reached skill level 5 in Armour
  7355 | D:7      | Killed a two-headed ogre
  7355 | D:7      | Reached skill level 8 in Fighting
  7529 | D:8      | Found a bloodstained altar of Trog.
  7598 | D:8      | Found a blossoming altar of Fedhas.
  7602 | D:8      | XOM: give mutations
  7602 | D:8      | Lost mutation: You are agile. (Dex +2) [Xom's mischief]
  7602 | D:8      | Lost mutation: You have large cloven feet. [Xom's mischief]
  7602 | D:8      | Gained mutation: Your mind is acute. (Int +2) [Xom's mischief]
  7989 | D:8      | XOM: mild Tmut miscast
  8100 | D:8      | XOM: stat loss: -3 Int (6/9)
  8136 | D:9      | Noticed Rwicked's ghost (novice GrEE)
  8150 | D:9      | Noticed a two-headed ogre
  8161 | D:9      | Killed Rwicked's ghost
  8169 | D:9      | Killed a two-headed ogre
  8222 | D:9      | XOM: 6-stop teleportation journey
  8223 | D:9      | Noticed a two-headed ogre
  8234 | D:9      | Reached skill level 9 in Fighting
  8241 | D:9      | Killed a two-headed ogre
  8241 | D:9      | Reached XP level 11. HP: 74/97 MP: 10/10
  8377 | D:9      | XOM: medium Tmut miscast
  8493 | D:9      | Found Zeqero's Jewellery Shoppe.
  8567 | D:9      | XOM: mild Fire miscast
  9091 | D:10     | Entered Level 10 of the Dungeon
  9094 | D:10     | Reached *** piety under Wu Jian
  9212 | D:10     | Noticed Grum
  9316 | D:9      | XOM: mild Necr miscast
  9577 | D:10     | Killed Grum
  9600 | D:10     | Reached skill level 10 in Armour
  9810 | D:10     | XOM: mild Necr miscast
  9881 | D:10     | Noticed a two-headed ogre
  9890 | D:10     | Killed a two-headed ogre
  9890 | D:10     | Reached skill level 10 in Fighting
 10098 | D:10     | Identified a scroll of acquirement
 10099 | D:10     | Found the +10 morningstar "Eos" {elec, Halo rElec}
 10187 | D:10     | Got steaming swamp dragon scales
 10210 | D:10     | Identified the +0 swamp dragon scales of the Dwarven Hall {rPois rF+ Dex+6} (You found it on level 10 of the Dungeon)
 10341 | D:10     | Noticed a two-headed ogre
 10346 | D:10     | Killed a two-headed ogre
 10355 | D:10     | Reached **** piety under Wu Jian
 10367 | D:10     | Found a roughly hewn altar of Beogh.
 10546 | D:10     | Found a staircase to the Orcish Mines.
 10856 | D:11     | XOM: cloud trail
 10871 | D:11     | XOM: mild Pois miscast
 10977 | D:11     | Noticed a seven-headed hydra
 10982 | D:11     | Killed a seven-headed hydra
 10987 | D:11     | Reached skill level 11 in Fighting
 11051 | D:11     | XOM: noise
 11073 | D:11     | XOM: medium Hex miscast
 11088 | D:11     | Noticed a green ugly thing
 11096 | D:11     | Killed a green ugly thing
 11612 | D:12     | XOM: mild Fire miscast
 11682 | D:12     | Reached ***** piety under Wu Jian
 11705 | D:12     | Reached XP level 12. HP: 108/108 MP: 11/11
 11808 | D:12     | Reached skill level 15 in Maces & Flails
 11859 | D:13     | Noticed a centaur warrior
 11874 | D:12     | Killed a centaur warrior
 11912 | D:13     | Noticed a centaur warrior
 11924 | D:13     | Killed a centaur warrior
 12146 | D:13     | Reached skill level 12 in Fighting
 12223 | D:13     | Found Loimees's Book Boutique.
 12297 | D:13     | XOM: medium Hex miscast
 12463 | D:14     | Noticed a tengu warrior
 12472 | D:14     | Killed a tengu warrior
 12473 | D:14     | Noticed a tengu warrior
 12478 | D:14     | Killed a tengu warrior
 12639 | D:14     | XOM: 1-stop teleportation journey
 12639 | D:14     | Was forgiven by Xom
 12640 | D:14     | Noticed Frances
 12646 | D:14     | Killed Frances
 12646 | D:14     | Reached skill level 13 in Fighting
 12774 | D:14     | Found a sparkling altar of Nemelex Xobeh.
 12870 | D:14     | Noticed an ice dragon
 12877 | D:14     | Killed an ice dragon
 12877 | D:14     | Reached XP level 13. HP: 113/122 MP: 12/12
 12889 | D:14     | Found a gate to the Vaults.
 13003 | D:14     | Reached skill level 14 in Fighting
 13340 | D:14     | Noticed Louise
 13353 | D:14     | Killed Louise
 13534 | D:15     | Entered Level 15 of the Dungeon
 13534 | D:15     | Found Jeixoec's Book Shoppe.
 13623 | D:15     | Reached skill level 1 in Shields
 13661 | D:15     | Reached skill level 10 in Dodging
 13695 | D:15     | Reached skill level 15 in Fighting
 13705 | D:15     | Noticed a fire dragon
 13716 | D:15     | Killed a fire dragon
 13892 | D:15     | Noticed Kirke
 13973 | D:15     | Killed Kirke
 14082 | D:15     | Found a sacrificial altar of Ru.
 14123 | D:15     | Noticed a dire elephant
 14144 | D:15     | Killed a dire elephant
 14262 | D:15     | Found a staircase to the Depths.
 14383 | D:15     | Reached XP level 14. HP: 116/136 MP: 13/13
 14466 | D:15     | Found a glowing silver altar of Zin.
 14754 | Lair:1   | Entered Level 1 of the Lair of Beasts
 14758 | Lair:1   | Reached skill level 16 in Fighting
 14758 | Lair:1   | Reached skill level 5 in Shields
 15294 | Lair:2   | Noticed Erica
 15299 | Lair:2   | Killed Erica
 15299 | Lair:2   | Reached ****** piety under Wu Jian
 15396 | Lair:2   | Found a frozen archway.
 15404 | IceCv    | Entered an ice cave
 15545 | IceCv    | Noticed a reaper
 15550 | IceCv    | Killed a reaper
 16018 | Lair:2   | Noticed Sonja
 16023 | Lair:2   | Killed Sonja
 16297 | Lair:2   | Noticed Harold
 16311 | Lair:2   | Killed Harold
 17398 | Lair:4   | Reached skill level 17 in Fighting
 17414 | Lair:4   | Found a staircase to the Snake Pit.
 17445 | Lair:4   | Got a warped cloak
 17451 | Lair:4   | Identified the +2 cloak of Insatiable Hunger {rElec MR+ Slay-3 Stlth+} (You found it on level 4 of the Lair of Beasts)
 17948 | Lair:4   | Found a staircase to the Shoals.
 18297 | Lair:4   | Got a slimy shield
 18308 | Lair:4   | Identified the cursed -4 shield of the Blessed Realm {rCorr Str+2 Dex+2} (You found it on level 4 of the Lair of Beasts)
 18438 | Lair:5   | Found a staircase to the Slime Pits.
 18995 | Lair:6   | Entered Level 6 of the Lair of Beasts
 19100 | Lair:6   | Reached XP level 15. HP: 131/149 MP: 14/14
 19109 | Lair:6   | Reached skill level 18 in Fighting
 20464 | Orc:1    | Entered Level 1 of the Orcish Mines
 20464 | Orc:1    | Noticed an orc warlord
 20514 | Orc:1    | Killed an orc warlord
 20900 | Orc:1    | Found Gerhul's General Store.
 21080 | Orc:2    | Entered Level 2 of the Orcish Mines
 21090 | Orc:2    | Noticed Azrael
 21097 | Orc:2    | Killed Azrael
 21128 | Orc:2    | Found a staircase to the Elven Halls.
 21136 | Orc:2    | Reached skill level 19 in Fighting
 21218 | Orc:2    | Noticed an orc warlord
 21385 | Orc:2    | Killed an orc warlord
 21443 | Orc:2    | Noticed Erolcha
 21448 | Orc:2    | Killed Erolcha
 21469 | Orc:2    | Found a labyrinth entrance.
 21478 | Lab      | Entered a labyrinth
 21831 | Lab      | Got a translucent copper ring
 21834 | Lab      | Identified the ring "Itsoaz" {rCorr rElec rC+ rN+ Str-4} (You found it in a labyrinth)
 21972 | Orc:2    | Found a roughly hewn altar of Beogh.
 22165 | Orc:2    | Reached skill level 10 in Shields
 22724 | Orc:2    | Found Paekid's Armour Shop.
 22724 | Orc:2    | Found Tanafof's Antique Weapon Shoppe.
 22726 | Orc:2    | Found Lobonera's Antique Weapon Shop.
 22726 | Orc:2    | Found Jinenise's General Store.
 22735 | Orc:2    | Bought a potion of might for 44 gold pieces
 22953 | Slime:1  | Entered Level 1 of the Pits of Slime
 22996 | Snake:1  | Entered Level 1 of the Snake Pit
 23131 | Snake:1  | Reached XP level 16. HP: 148/162 MP: 6/15
 23261 | Snake:1  | Got a shimmering ring mail
 23272 | Snake:1  | Identified the +3 ring mail of Cain {rElec Regen+ Dex-4} (You found it on level 1 of the Snake Pit)
 23561 | Snake:1  | Reached skill level 20 in Fighting
 24091 | Snake:1  | Got an ancient war axe {protect}
 24092 | Snake:1  | Identified the +6 war axe "Cofuxa" {protect, rElec} (You took it off a naga on level 1 of the Snake Pit)
 24598 | Snake:2  | Found Guxeirph's Gadget Shoppe.
 24609 | Snake:2  | Lost mutation: You occasionally shout uncontrollably at your foes. [potion of mutation]
 24609 | Snake:2  | Lost mutation: You have a beak for a mouth. [potion of mutation]
 24609 | Snake:2  | Lost mutation: Your flesh is heat resistant. (rF+) [potion of mutation]
 24609 | Snake:2  | Lost mutation: You are partially covered in iridescent scales. (AC +2) [potion of mutation]
 24609 | Snake:2  | Gained mutation: You are partially covered in icy blue scales. (AC +2) [potion of mutation]
 24610 | Snake:2  | Lost mutation: Your mind is acute. (Int +2) [potion of mutation]
 24610 | Snake:2  | Lost mutation: You are partially covered in molten scales. (AC +2) [potion of mutation]
 24610 | Snake:2  | Lost mutation: You are partially covered in icy blue scales. (AC +2) [potion of mutation]
 24610 | Snake:2  | Gained mutation: You are partially covered in yellow scales. (AC +2) [potion of mutation]
 24610 | Snake:2  | Gained mutation: Your muscles are strong. (Str +2) [potion of mutation]
 24610 | Snake:2  | Gained mutation: You are robust. (+10% HP) [potion of mutation]
 24637 | Snake:2  | Found Nuetyupp's Distillery.
 24643 | Snake:2  | Found Xeyrphy's Magic Scroll Shoppe.
 24648 | Snake:2  | Bought a potion of haste for 170 gold pieces
 24661 | Snake:2  | Noticed Aizul
 24665 | Snake:2  | Noticed cribozai's ghost (journeyman DsAK)
 24805 | Snake:1  | Killed Aizul
 24970 | Snake:2  | Killed cribozai's ghost
 25095 | Snake:2  | Found Inaholas's Food Shop.
 25102 | Snake:2  | Bought a scroll of silence for 135 gold pieces
 25109 | Snake:2  | Found Ygoijim's Armour Shoppe.
 25511 | Snake:3  | Noticed Agnes
 25517 | Snake:3  | Killed Agnes
 26061 | Snake:3  | Reached XP level 17. HP: 176/189 MP: 16/16
 26145 | Snake:4  | Entered Level 4 of the Snake Pit
 26152 | Snake:4  | Reached skill level 21 in Fighting
 26703 | Snake:4  | Found a blossoming altar of Fedhas.
 26792 | Snake:4  | Found an iron altar of Okawaru.
 26977 | Snake:4  | HP: 8/285 [sea snake (13)]
 26978 | Snake:4  | HP: 3/285 [poisoned by a sea snake]
 26978 | Snake:4  | Killed from afar by a guardian serpent

Skill      XL: |  1  2  3  4  5  6  7  8  9 10 11 12 13 14 15 16 17 |
---------------+----------------------------------------------------+-----
Fighting       | 4 5 6 7 9 11 13 15 17 19 20 21 | 21.1
Maces & Flails | 1 2 3 4 6 8 10 13 14 16 | 16.0
Dodging        | 4 5 6 7 9 10 12 14 | 14.6
Armour         | 1 4 8 11 12 13 14 | 14.2
Shields        | 4 7 10 12 13 | 13.1
Stealth        | |  1.5
Unarmed Combat | |  3.5

Action                   |  1- 3 |  4- 6 |  7- 9 | 10-12 | 13-15 | 16-18 || total
-------------------------+-------+-------+-------+-------+-------+-------++-------
Melee: Unarmed           |    12 |       |       |       |    17 |       ||    29
       Headbutt          |    18 |    23 |    83 |   137 |   282 |   140 ||   683
       Mace              |    71 |    87 |       |       |       |       ||   158
       Punch             |     1 |     2 |     5 |     6 |     3 |       ||    17
       Kick              |       |    33 |   142 |    30 |       |       ||   205
       Whip              |       |    63 |   386 |   406 |       |       ||   855
       Peck              |       |       |    44 |   117 |   273 |    45 ||   479
       Morningstar       |       |       |       |   237 |   986 |   468 ||  1691
Invok: Lunge             |       |       |    27 |    57 |    79 |    33 ||   196
       Whirlwind         |       |       |     7 |     7 |    28 |    18 ||    60
       Wall Jump         |       |       |       |    12 |    12 |     6 ||    30
 Abil: Stop Flying       |       |       |       |       |       |     1 ||     1
  Use: Potion            |       |     2 |     6 |     1 |     2 |     7 ||    18
       Scroll            |       |     3 |     7 |     7 |    12 |       ||    29
 Stab: Sleeping          |     1 |     2 |     3 |       |       |       ||     6
       Distracted        |       |       |       |       |       |     1 ||     1
  Eat: Chunk             |       |     3 |     3 |     5 |     3 |     2 ||    16
       Ration            |       |     2 |     2 |     6 |    10 |     4 ||    24
Armor: Robe              |     1 |       |       |       |       |       ||     1
       Plate armour      |    58 |       |   107 |   133 |       |       ||   298
       Animal skin       |     6 |    28 |    26 |       |       |       ||    60
       Swamp dragon scal |       |       |       |    83 |   207 |   124 ||   414
       Skin              |       |       |       |       |       |    55 ||    55
Dodge: Dodged            |    40 |   111 |   152 |   252 |   511 |   506 ||  1572
Block: Large shield      |       |       |       |       |   118 |       ||   118
       Shield            |       |       |       |       |   208 |   302 ||   510
       Buckler           |       |       |       |       |    29 |       ||    29
